 Dungeon Crawl Stone Soup version 0.25.1-2-g60ff931df9 (webtiles) character file.

Game seed: 15274846953572496661

58 H0rd4k the Insei (level 4, 0/42 HPs)
             Began as an Octopode Transmuter on Sept 23, 2020.
             Succumbed to a kobold's poison
             ... on level 2 of the Dungeon.
             The game lasted 00:01:26 (1411 turns).

H0rd4k the Insei (Octopode Transmuter)              Turns: 1411, Time: 00:01:26

Health: 0/42       AC: 22    Str:  8 (9)  XL:     4   Next: 1%
Magic:  8/8        EV:  2    Int: 14 (16) God:
Gold:   41         SH:  0    Dex: 11 (12) Spells: 7/8 levels left

rFire    . . .     SeeInvis .     - Unarmed
rCold    . . .     Gourm    .   (no shield)
rNeg     + + +     Faith    .   (helmet currently unavailable)
rPois    +         Spirit   .   (no amulet)
rElec    .         Reflect  .   (no ring)
rCorr    .         Harm     .   (no ring)
MR       .....     NoTele   +   (no ring)
Stlth    ++........             (no ring)
HPRegen  0.14/turn              (no ring)
MPRegen  0.11/turn              (no ring)
                                (no ring)
                                (no ring)

@: lethally poisoned (0 -> -6), tree-form, very slightly contaminated, invisible
A: almost no armour, stealthy swim, (amphibious), 8 rings, (constrict 8)
a: no special abilities


You were on level 2 of the Dungeon.
You were not hungry.
You were a tree.
You visited 1 branch of the dungeon, and saw 2 of its levels.

You collected 41 gold pieces.

Inventory:

Missiles
 a - 12 arrows
Scrolls
 d - a scroll of amnesia {unknown}
 e - 2 scrolls of teleportation {unknown}
 f - a scroll of fog {unknown}
 g - a scroll of identify {unknown}
Comestibles
 c - 4 rations
 j - 2 chunks of flesh


   Skills:
 + Level 1.0 Fighting
 + Level 2.0 Dodging
 + Level 1.6 Stealth
 + Level 3.7 Unarmed Combat
 * Level 2.7 Spellcasting
 * Level 2.3 Transmutations


You had 7 spell levels left.
You knew the following spells:

 Your Spells              Type           Power        Failure   Level  Hunger
a - Beastly Appendage     Tmut           #.....       9%          1    #......

Your spell library contained the following spells:

 Spells                   Type           Power        Failure   Level  Hunger
 Sticks to Snakes         Tmut           #.......     13%         2    ###....
 Spider Form              Tmut/Pois      #.........   38%         3    ###....
 Ice Form                 Ice/Tmut       #.......     80%         4    #####..
 Blade Hands              Tmut           #.........   93%         5    ######.


Dungeon Overview and Level Annotations

Branches:
Dungeon (2/15)

Altars:


Innate Abilities, Weirdness & Mutations

You cannot wear most types of armour.
You are very stealthy in the water. (Stealth+)
((You are amphibious.))
You can wear up to eight rings at the same time.
((You can use your tentacles to constrict eight enemies at once.))
((Your skin changes colour to match your surroundings (Stealth+).))
((Your rubbery body absorbs attacks. (AC +1, EV +1)))


Message History

You feel sick.
You are very lightly contaminated with residual magic.
It was a potion of degeneration.
There was something very wrong with that liquid.
You feel weakened.
You feel dopey.
You feel clumsy.
* * * LOW HITPOINT WARNING * * *
You feel sick.
It was a potion of lignification.
You turn into a tree.
Your roots penetrate the ground.
* * * LOW HITPOINT WARNING * * *
You feel sick.
* * * LOW HITPOINT WARNING * * *
You feel sick.
* * * LOW HITPOINT WARNING * * *
You feel sick.
* * * LOW HITPOINT WARNING * * *
You feel sick.
* * * LOW HITPOINT WARNING * * *
You feel sick.
You die...

##### #...########
######......>....
.........####)...
#.###########..## #.###
#.....)♣...##..# #.#
#.########.##..#####.###
#.##..........#
#..............
####..#######.. #..# .
#..# .. #..### .. #....#
##..


There were no monsters in sight!

Vanquished Creatures
  An adder (D:2)
  2 oozes (D:2)
  A leopard gecko (D:2)
  3 giant cockroaches
  5 hobgoblins
  3 jackals (D:1)
  5 bats (D:1)
  A frilled lizard (D:1)
  4 goblins
  7 kobolds
  5 rats
37 creatures vanquished.

Notes
Turn   | Place    | Note
-------+----------+-------------------------------------------
     0 | D:1      | H0rd4k the Octopode Transmuter began the quest for the Orb.
     0 | D:1      | Reached XP level 1. HP: 13/13 MP: 3/3
   153 | D:1      | Reached XP level 2. HP: 12/18 MP: 5/5
   902 | D:2      | Reached skill level 1 in Stealth
   902 | D:2      | Reached XP level 3. HP: 23/23 MP: 6/6
  1402 | D:2      | Reached XP level 4. HP: 6/28 MP: 8/8
  1407 | D:2      | HP: 2/42 [poisoned by a kobold]
  1411 | D:2      | Succumbed to a kobold's poison

Illustrated notes

Levels and vault maps discovered:
D:1:      lordsloth_arrival_two_stooges, layout_rooms
D:2:      layout_loops_ring

Skill      XL: |  1  2 |
---------------+-------+-----
Stealth        | 1 |  1.6
Fighting       | |  1.0
Dodging        | |  2.0
Unarmed Combat | |  3.7
Spellcasting   | |  2.7
Transmutations | |  2.3

Action                   |  1- 3 |  4- 6 || total
-------------------------+-------+-------++-------
Melee: Unarmed           |    98 |       ||    98
       Constrict         |    22 |       ||    22
       Tentacles         |    15 |       ||    15
       Punch             |     3 |       ||     3
       Kick              |     2 |       ||     2
 Cast: Beastly Appendage |     1 |       ||     1
  Use: Potion            |       |     3 ||     3
 Stab: Sleeping          |     7 |       ||     7
  Eat: Chunk             |     2 |       ||     2
Armor: Skin              |     5 |       ||     5
Dodge: Dodged            |    71 |       ||    71
